[Event "Netanya Open 2019"]
[Site "Netanya"]
[Date "2019.06.30"]
[Round "7.12"]
[White "Huzman, Alexander"]
[Black "Kantsler, Boris"]
[Result "1/2-1/2"]
[ECO "C41"]
[WhiteElo "2588"]
[BlackElo "2420"]
[Annotator "ChessBase"]
[PlyCount "77"]
[EventDate "2019.06.23"]
[EventType "swiss"]
[EventCountry "ISR"]
[SourceTitle "playchess.com"]
[Source "ChessBase"]
[SourceQuality "1"]
[TimeControl "40/5400+30:1800+30"]

1. d4 d6 2. e4 Nf6 3. Nc3 e5 4. Nf3 exd4 5. Nxd4 Be7 6. Nde2 c6 7. g3 b5 8. Bg2 a6 9. Bf4 O-O 10. O-O Ng4 11. Nd4 Ne5 12. b3 Bf6 13. Qd2 Ra7 14. Rad1 Re7 15. h3 Rfe8 16. Be3 b4 17. Na4 a5 18. Nf5 Bxf5 19. exf5 Rb7 20. g4 d5 21. Nc5 Rb5 22. Na4 Ned7 23. g5 Be7 24. Rfe1 Bf8 25. h4 Rb7 26. Bd4 Na6 27. Rxe8 Qxe8 28. Re1 Qd8 29. f6 Nc7 30. fxg7 Bxg7 31. Bxg7 Kxg7 32. c4 Nf8 33. Nc5 Rb8 34. Qf4 Kg8 35. cxd5 cxd5 36. Bh3 Rb6 37. Rd1 Qe7 38. Qd4 Nb5 39. Qe3 1/2-1/2

[Event "Netanya Open 2019"]
[Site "Netanya"]
[Date "2019.06.30"]
[Round "7.13"]
[White "Sivuk, Vitaly"]
[Black "Rozen, Eytan"]
[Result "1-0"]
[ECO "E49"]
[WhiteElo "2547"]
[BlackElo "2317"]
[Annotator "ChessBase"]
[PlyCount "97"]
[EventDate "2019.06.23"]
[EventType "swiss"]
[EventCountry "ISR"]
[SourceTitle "playchess.com"]
[Source "ChessBase"]
[SourceQuality "1"]
[TimeControl "40/5400+30:1800+30"]

1. d4 Nf6 2. c4 e6 3. Nc3 Bb4 4. f3 d5 5. a3 Bxc3+ 6. bxc3 O-O 7. e3 c5 8. cxd5 exd5 9. Bd3 b6 10. Ne2 Bb7 11. O-O Nbd7 12. Ng3 Re8 13. Ra2 cxd4 14. cxd4 Nf8 15. Re2 Rc8 16. Bb2 Ne6 17. Ref2 Qc7 18. e4 Nf4 19. e5 Nxd3 20. Qxd3 Nd7 21. Nf5 Nb8 22. Qd2 Re6 23. Qg5 f6 24. Qg4 fxe5 25. dxe5 Rg6 26. Qh4 Nc6 27. Nd6 Rf8 28. f4 Rh6 29. Qg3 Rg6 30. Qd3 Rxd6 31. exd6 Qxd6 32. f5 d4 33. Qc4+ Kh8 34. Qe6 Rf6 35. Qxd6 Rxd6 36. f6 Kg8 37. fxg7 Rd7 38. Rf4 h6 39. Rg4 Rxg7 40. Rxg7+ Kxg7 41. Rf4 b5 42. Bxd4+ Kg6 43. Bc3 a5 44. Kf2 Ba8 45. Kg3 h5 46. Rf6+ Kh7 47. Rf8 b4 48. axb4 axb4 49. Bb2 1-0

[Event "Netanya Open 2019"]
[Site "Netanya"]
[Date "2019.06.30"]
[Round "7.14"]
[White "Veinberg, Nimrod"]
[Black "Greenfeld, Alon"]
[Result "1/2-1/2"]
[ECO "E32"]
[WhiteElo "2401"]
[BlackElo "2513"]
[Annotator "ChessBase"]
[PlyCount "88"]
[EventDate "2019.06.23"]
[EventType "swiss"]
[EventCountry "ISR"]
[SourceTitle "playchess.com"]
[Source "ChessBase"]
[SourceQuality "1"]
[TimeControl "40/5400+30:1800+30"]

1. d4 Nf6 2. c4 e6 3. Nc3 Bb4 4. Qc2 Nc6 5. Nf3 d6 6. g3 O-O 7. Bg2 e5 8. d5 Ne7 9. O-O Bg4 10. h3 Bh5 11. Na4 Qd7 12. Nh4 c6 13. dxc6 Nxc6 14. e3 Rac8 15. g4 Na5 16. b3 b5 17. Nb2 Nxg4 18. a3 bxc4 19. bxc4 Bc5 20. hxg4 Qxg4 21. Nf5 d5 22. cxd5 Bg6 23. e4 Bxf5 24. exf5 Bd4 25. Qa4 Rc3 26. Be3 Nb3 27. Nd1 Nd2 28. Bxd2 Rg3 29. Ne3 Rxg2+ 30. Nxg2 Bxf2+ 31. Rxf2 Qxa4 32. Bb4 Rd8 33. Rc1 f6 34. Ne3 Qb3 35. Rc3 Qb1+ 36. Kh2 Qe4 37. Rg2 a5 38. Rg4 Qf3 39. Be7 Rb8 40. d6 Rb2+ 41. Rg2 Qf4+ 42. Kh3 Qh6+ 43. Kg3 Qf4+ 44. Kh3 Qh6+ 1/2-1/2

[Event "Netanya Open 2019"]
[Site "Netanya"]
[Date "2019.06.30"]
[Round "7.15"]
[White "Zanan, Evgeny"]
[Black "Krayz, Alexander"]
[Result "1/2-1/2"]
[ECO "E15"]
[WhiteElo "2505"]
[BlackElo "2377"]
[Annotator "ChessBase"]
[PlyCount "81"]
[EventDate "2019.06.23"]
[EventType "swiss"]
[EventCountry "ISR"]
[SourceTitle "playchess.com"]
[Source "ChessBase"]
[SourceQuality "1"]
[TimeControl "40/5400+30:1800+30"]

1. d4 Nf6 2. c4 e6 3. Nf3 b6 4. g3 Ba6 5. Qc2 Bb7 6. Bg2 c5 7. d5 exd5 8. cxd5 g6 9. e4 Bg7 10. O-O O-O 11. Nc3 d6 12. Bf4 a6 13. a4 Nh5 14. Be3 Nd7 15. Nd2 Re8 16. g4 Nhf6 17. h3 h6 18. Rae1 b5 19. axb5 axb5 20. Nxb5 Qb6 21. Na3 Ba6 22. Ndc4 Qb8 23. f4 Nb6 24. b3 Nfd7 25. Rb1 Nxd5 26. exd5 Rxe3 27. Nxe3 Bxf1 28. Bxf1 Rxa3 29. Nc4 Ra7 30. Re1 Bd4+ 31. Kh1 Nf6 32. Bg2 Qb4 33. Rf1 Re7 34. Nxd6 Re1 35. Qc4 Qd2 36. Rxe1 Qxe1+ 37. Qf1 Qxf1+ 38. Bxf1 Nxd5 39. f5 Ne3 40. Bd3 Kg7 41. fxg6 1/2-1/2

[Event "Netanya Open 2019"]
[Site "Netanya"]
[Date "2019.06.30"]
[Round "7.16"]
[White "Goikhman, Valentin"]
[Black "Khmelniker, Ilya"]
[Result "0-1"]
[ECO "C45"]
[WhiteElo "2320"]
[BlackElo "2483"]
[Annotator "ChessBase"]
[PlyCount "70"]
[EventDate "2019.06.23"]
[EventType "swiss"]
[EventCountry "ISR"]
[SourceTitle "playchess.com"]
[Source "ChessBase"]
[SourceQuality "1"]
[TimeControl "40/5400+30:1800+30"]

1. e4 e5 2. Nf3 Nc6 3. d4 exd4 4. Nxd4 Bb4+ 5. c3 Bc5 6. Be3 Bb6 7. Nf5 Bxe3 8. Nxe3 Nge7 9. g3 O-O 10. Bg2 d6 11. O-O Be6 12. f4 f6 13. c4 a6 14. Nc3 Qb8 15. Kh1 b5 16. Ncd5 bxc4 17. Rc1 Bf7 18. Rxc4 Re8 19. Qd2 Nxd5 20. Nxd5 Ne7 21. e5 dxe5 22. Rxc7 Bxd5 23. Bxd5+ Kh8 24. Rb7 Qd8 25. Rd1 Qd6 26. fxe5 Qxe5 27. Bg2 Nf5 28. Rd7 Rab8 29. Rd5 Qe6 30. Rf1 Ne3 31. Re1 Qb6 32. Rd6 Qc5 33. Bc6 Nc4 34. Rxe8+ Rxe8 35. Rd8 Qxc6+ 0-1

[Event "Netanya Open 2019"]
[Site "Netanya"]
[Date "2019.06.30"]
[Round "7.17"]
[White "Grinberg, Eyal"]
[Black "Aharon, Ofir"]
[Result "1-0"]
[ECO "D78"]
[WhiteElo "2474"]
[BlackElo "2302"]
[Annotator "ChessBase"]
[PlyCount "89"]
[EventDate "2019.06.23"]
[EventType "swiss"]
[EventCountry "ISR"]
[SourceTitle "playchess.com"]
[Source "ChessBase"]
[SourceQuality "1"]
[TimeControl "40/5400+30:1800+30"]

1. d4 Nf6 2. c4 g6 3. g3 c6 4. Bg2 d5 5. Nf3 Bg7 6. O-O O-O 7. Qa4 Nfd7 8. cxd5 Nb6 9. Qb3 cxd5 10. Nc3 Nc6 11. Rd1 Bf5 12. Bf4 h6 13. h4 Rc8 14. Ne5 e6 15. e4 dxe4 16. Nxe4 Nd5 17. Qxb7 Na5 18. Qxa7 Nxf4 19. gxf4 Ra8 20. Qd7 Qxh4 21. Ng3 Rab8 22. Qc7 Qxf4 23. Qxa5 Rxb2 24. Qe1 Rc8 25. Nc6 Rxc6 26. Bxc6 Bg4 27. Rd3 Bxd4 28. Rxd4 Qxd4 29. Qe3 Qc4 30. Rc1 Qxa2 31. Be4 Rb8 32. Qf4 Qb2 33. Rc2 Qb1+ 34. Kh2 Bf5 35. Nxf5 exf5 36. Rc8+ Rxc8 37. Bxb1 Kg7 38. Qe5+ Kh7 39. Ba2 Rc2 40. Bxf7 Rxf2+ 41. Kg1 Rd2 42. Qf6 Rd1+ 43. Kf2 Rd2+ 44. Ke1 Rg2 45. Bd5 1-0

[Event "Netanya Open 2019"]
[Site "Netanya"]
[Date "2019.06.30"]
[Round "7.18"]
[White "Gorshtein, Ido"]
[Black "Bilych, Olexiy"]
[Result "1-0"]
[ECO "C77"]
[WhiteElo "2367"]
[BlackElo "2203"]
[Annotator "NA"]
[PlyCount "87"]
[EventDate "2019.06.23"]
[EventType "swiss"]
[EventCountry "ISR"]
[SourceTitle "playchess.com"]
[Source "ChessBase"]
[SourceQuality "1"]
[TimeControl "40/5400+30:1800+30"]

1. e4 e5 2. Nf3 Nc6 3. Bb5 a6 4. Ba4 Nf6 5. Nc3 Be7 6. d3 b5 7. Bb3 d6 8. a3 O-O 9. O-O Na5 10. Ba2 Be6 11. b4 Bxa2 12. Rxa2 Nc6 13. Nd5 Nxd5 14. exd5 Nb8 15. a4 Nd7 16. c4 f5 17. Re1 g5 18. h3 h6 19. axb5 axb5 20. Rxa8 Qxa8 21. Nd4 exd4 22. Rxe7 Re8 23. Re6 Rxe6 24. dxe6 Nf6 25. Bb2 c5 26. Qc2 bxc4 27. bxc5 dxc5 28. Qxc4 Qd5 29. Qa6 f4 30. e7 Kf7 31. Qxf6+ Kxf6 32. e8=Q Qb3 33. Qe2 h5 34. Qd2 Kf7 35. Kh2 h4 36. Qc1 Ke6 37. Qc4+ Qxc4 38. dxc4 Ke5 39. f3 Kd6 40. Kg1 Kc6 41. Kf2 Kb6 42. Ke2 Ka5 43. Kd3 Kb4 44. Bxd4 1-0

[Event "Netanya Open 2019"]
[Site "Netanya"]
[Date "2019.06.30"]
[Round "7.19"]
[White "Kogan, Arthur"]
[Black "Alexikov, Alexander"]
[Result "1-0"]
[ECO "B07"]
[WhiteElo "2535"]
[BlackElo "2234"]
[Annotator "ChessBase"]
[PlyCount "109"]
[EventDate "2019.06.23"]
[EventType "swiss"]
[EventCountry "ISR"]
[SourceTitle "playchess.com"]
[Source "ChessBase"]
[SourceQuality "1"]
[TimeControl "40/5400+30:1800+30"]

1. e4 d6 2. d4 g6 3. Nc3 Bg7 4. Bg5 Nf6 5. Qd2 h6 6. Bf4 g5 7. Bg3 Nh5 8. O-O-O Nc6 9. Bb5 a6 10. Bxc6+ bxc6 11. Nge2 Bd7 12. h4 Nxg3 13. Nxg3 g4 14. Nh5 Bf8 15. e5 Qb8 16. Rhe1 Qb7 17. Qf4 Be6 18. exd6 cxd6 19. d5 cxd5 20. Nxd5 Kd8 21. c4 Rc8 22. Kb1 a5 23. Re3 Rc5 24. Qd4 Rg8 25. Nxe7 Bxe7 26. Qxc5 Qc7 27. Qxc7+ Kxc7 28. g3 Kc6 29. Kc1 Rb8 30. Nf4 Bf6 31. Nxe6 fxe6 32. b3 Be5 33. h5 Rg8 34. Re4 Rg5 35. Rde1 Kc5 36. Kc2 Kc6 37. a3 Kc5 38. R1e2 Rf5 39. Rxg4 Rf3 40. Re3 Rxf2+ 41. Kd3 Rb2 42. Rxe5+ dxe5 43. Kc3 Rf2 44. b4+ axb4+ 45. axb4+ Kd6 46. Rg6 Rf5 47. Kd3 Rf1 48. Ke2 Rb1 49. b5 Rb3 50. g4 Rc3 51. Rxh6 Rxc4 52. g5 Rg4 53. g6 Ke7 54. Rh7+ Kf6 55. b6 1-0

[Event "Netanya Open 2019"]
[Site "Netanya"]
[Date "2019.06.30"]
[Round "7.20"]
[White "Axelrod, Arie"]
[Black "Shubin, Kirill"]
[Result "0-1"]
[ECO "C02"]
[WhiteElo "2227"]
[BlackElo "2426"]
[Annotator "NA"]
[PlyCount "88"]
[EventDate "2019.06.23"]
[EventType "swiss"]
[EventCountry "ISR"]
[SourceTitle "playchess.com"]
[Source "ChessBase"]
[SourceQuality "1"]
[TimeControl "40/5400+30:1800+30"]

1. e4 e6 2. d4 d5 3. e5 c5 4. c3 Ne7 5. Bd3 Nec6 6. Nf3 b6 7. a3 Ba6 8. Bc2 Nd7 9. b4 Rc8 10. Ba4 Bc4 11. Nbd2 Bd3 12. Nf1 Bxf1 13. Kxf1 Be7 14. g3 O-O 15. Kg2 f6 16. exf6 Rxf6 17. Re1 Qf8 18. Ra2 h6 19. Ne5 Ndxe5 20. dxe5 Rf7 21. Qd3 cxb4 22. axb4 Bxb4 23. f4 Bxc3 24. Qxc3 Nb4 25. Qb3 Nxa2 26. Qxa2 Qb4 27. Bd2 Qd4 28. Bb3 Rfc7 29. Re2 a5 30. Be1 Qd3 31. Bf2 Rc1 32. Bxb6 Rb8 33. Bxd5 exd5 34. e6 Ra1 35. Qc2 Qxc2 36. Rxc2 Re1 37. Rc6 Re8 38. f5 g6 39. g4 gxf5 40. gxf5 Re5 41. Bxa5 Rxf5 42. Rd6 Re5 43. Bc3 Re2+ 44. Kh1 Rc8 0-1

[Event "Netanya Open 2019"]
[Site "Netanya"]
[Date "2019.06.30"]
[Round "7.21"]
[White "Musyuk, Lior"]
[Black "Shvayger, Yuliya"]
[Result "1-0"]
[ECO "C11"]
[WhiteElo "2190"]
[BlackElo "2361"]
[Annotator "NA"]
[PlyCount "67"]
[EventDate "2019.06.23"]
[EventType "swiss"]
[EventCountry "ISR"]
[SourceTitle "playchess.com"]
[Source "ChessBase"]
[SourceQuality "1"]
[TimeControl "40/5400+30:1800+30"]

1. e4 e6 2. d4 d5 3. Nc3 Nf6 4. e5 Nfd7 5. f4 c5 6. Nf3 Nc6 7. Be3 a6 8. Qd2 b5 9. a3 Qa5 10. Rb1 Rb8 11. Bd3 b4 12. axb4 Rxb4 13. Ne2 Be7 14. c3 Rb8 15. O-O O-O 16. f5 exf5 17. Bxf5 Nb6 18. Bd3 cxd4 19. Nexd4 Nxd4 20. Nxd4 Qa4 21. Bg5 Nc4 22. Qf4 Bxg5 23. Qxg5 Qe8 24. Rbe1 Rxb2 25. Rf6 Nd2 26. e6 fxe6 27. Nxe6 Bxe6 28. Rexe6 Qxe6 29. Bxh7+ Kh8 30. Rxf8+ Kxh7 31. Qh5+ Qh6 32. Qf5+ g6 33. Qd7+ Qg7 34. Qh3+ 1-0

[Event "Netanya Open 2019"]
[Site "Netanya"]
[Date "2019.06.30"]
[Round "7.22"]
[White "Emanuel, Yahav"]
[Black "Parligras, Cosmin"]
[Result "1/2-1/2"]
[ECO "C95"]
[WhiteElo "2359"]
[BlackElo "2198"]
[Annotator "NA"]
[PlyCount "44"]
[EventDate "2019.06.23"]
[EventType "swiss"]
[EventCountry "ISR"]
[SourceTitle "playchess.com"]
[Source "ChessBase"]
[SourceQuality "1"]
[TimeControl "40/5400+30:1800+30"]

1. e4 e5 2. Nf3 Nc6 3. Bb5 a6 4. Ba4 Nf6 5. O-O Be7 6. Re1 b5 7. Bb3 d6 8. c3 O-O 9. h3 Nb8 10. d4 Nbd7 11. c4 Bb7 12. Nc3 c6 13. c5 Qc7 14. cxd6 Bxd6 15. Bg5 exd4 16. Qxd4 c5 17. Qd2 c4 18. Rad1 cxb3 19. Qxd6 Qxd6 20. Rxd6 b4 21. Na4 bxa2 22. Ra1 Bxe4 1/2-1/2

[Event "Netanya Open 2019"]
[Site "Netanya"]
[Date "2019.06.30"]
[Round "7.23"]
[White "Lahav, Michal"]
[Black "Iliaguev, Nisim"]
[Result "1-0"]
[ECO "B06"]
[WhiteElo "2178"]
[BlackElo "2357"]
[Annotator "NA"]
[PlyCount "79"]
[EventDate "2019.06.23"]
[EventType "swiss"]
[EventCountry "ISR"]
[SourceTitle "playchess.com"]
[Source "ChessBase"]
[SourceQuality "1"]
[TimeControl "40/5400+30:1800+30"]

1. e4 c5 2. Nf3 g6 3. c3 d5 4. exd5 Qxd5 5. d4 Bg7 6. Nbd2 cxd4 7. Bc4 Qd8 8. Nxd4 Nf6 9. O-O O-O 10. N2f3 a6 11. Re1 b5 12. Bb3 Bb7 13. Qe2 e6 14. Bg5 h6 15. Bh4 g5 16. Bg3 Qb6 17. Rad1 Nc6 18. h4 Ne4 19. Bh2 Nxd4 20. Nxd4 Kh8 21. hxg5 Nxg5 22. Qh5 Qc5 23. Qh4 Rg8 24. Bc2 Qf8 25. Kf1 Bf6 26. Qh5 Qg7 27. Bg3 Rad8 28. Nb3 Rxd1 29. Rxd1 Ne4 30. Bxe4 Bxe4 31. Rd7 Bg6 32. Qf3 h5 33. Nc5 Re8 34. Nxa6 h4 35. Nc7 Re7 36. Be5 Bxe5 37. Rxe7 Qh6 38. Qe3 Qh5 39. Ke1 Qf5 40. Qh6+ 1-0

[Event "Netanya Open 2019"]
[Site "Netanya"]
[Date "2019.06.30"]
[Round "7.24"]
[White "Streltsov, Alexey"]
[Black "Parkhov, Yair"]
[Result "0-1"]
[ECO "B51"]
[WhiteElo "2177"]
[BlackElo "2354"]
[Annotator "NA"]
[PlyCount "112"]
[EventDate "2019.06.23"]
[EventType "swiss"]
[EventCountry "ISR"]
[SourceTitle "playchess.com"]
[Source "ChessBase"]
[SourceQuality "1"]
[TimeControl "40/5400+30:1800+30"]

1. e4 c5 2. Nf3 d6 3. Bb5+ Nd7 4. c4 Ngf6 5. Nc3 g6 6. d3 Bg7 7. O-O O-O 8. Ba4 b6 9. h3 Bb7 10. Rb1 e6 11. Bf4 Qe7 12. Qd2 Nh5 13. Bg5 f6 14. Bh6 f5 15. Nh2 Bxh6 16. Qxh6 f4 17. Bxd7 Qxd7 18. Qg5 e5 19. Qg4 Qf7 20. Nb5 Qe7 21. Qf3 Ng7 22. Qd1 Ne6 23. f3 Bc6 24. Nc3 h5 25. a3 Kh7 26. Qe1 Nd4 27. Ne2 Nc2 28. Qf2 Ne3 29. Rfe1 Bd7 30. Nf1 Nxf1 31. Kxf1 g5 32. Nc3 g4 33. hxg4 hxg4 34. Ke2 g3 35. Rh1+ Kg7 36. Qe1 Rh8 37. Qd2 Qg5 38. Rxh8 Rxh8 39. Rg1 Rh2 40. Kd1 Qh5 41. Qe2 Bh3 42. Ke1 Bxg2 43. Rxg2 Qh3 44. Rg1 Rxe2+ 45. Nxe2 Qh2 46. Rf1 Kf7 47. Kd2 g2 48. Rd1 Qh4 49. Kc3 Qf2 50. Ng1 Ke7 51. Rc1 a6 52. a4 Kf6 53. Rd1 Kg6 54. a5 bxa5 55. Kb3 a4+ 56. Kc3 Kh5 0-1

[Event "Netanya Open 2019"]
[Site "Netanya"]
[Date "2019.06.30"]
[Round "7.25"]
[White "Globus, Or"]
[Black "Karp, Michael"]
[Result "1-0"]
[ECO "D78"]
[WhiteElo "2352"]
[BlackElo "2194"]
[Annotator "NA"]
[PlyCount "124"]
[EventDate "2019.06.23"]
[EventType "swiss"]
[EventCountry "ISR"]
[SourceTitle "playchess.com"]
[Source "ChessBase"]
[SourceQuality "1"]
[TimeControl "40/5400+30:1800+30"]

1. c4 c6 2. Nf3 Nf6 3. g3 g6 4. Bg2 Bg7 5. d4 d5 6. O-O O-O 7. Qb3 dxc4 8. Qxc4 Be6 9. Qd3 Bf5 10. Qb3 Qb6 11. Nc3 Na6 12. Qxb6 axb6 13. Rd1 Nb4 14. Ne1 Be6 15. a3 Bb3 16. Rd2 Rfd8 17. Rb1 Na6 18. e3 Ne8 19. Nd3 Nd6 20. Re2 Bc4 21. Rd2 Bb3 22. f4 c5 23. Ne5 cxd4 24. exd4 f6 25. Nf3 Nc7 26. d5 Ndb5 27. Nd4 Nxc3 28. bxc3 Bxd5 29. Rxb6 Bxg2 30. Kxg2 e5 31. Rxb7 exd4 32. Rxc7 d3 33. Rc4 f5 34. a4 Rd7 35. Ba3 Re8 36. Kf2 Re4 37. Rc8+ Kf7 38. Bb4 Bf6 39. a5 Be7 40. Bxe7 Rexe7 41. Rc5 Re6 42. c4 Rd4 43. Rc7+ Kf6 44. Rxh7 Ra6 45. Rc7 Rxa5 46. Rc6+ Kg7 47. Ke3 Re4+ 48. Kf3 Ra3 49. Rc7+ Kf8 50. g4 g5 51. gxf5 Rxf4+ 52. Ke3 Rh4 53. c5 Raa4 54. Kxd3 Ra3+ 55. Kc2 Ra2+ 56. Kc1 Rxd2 57. Kxd2 Rxh2+ 58. Ke3 Rh1 59. c6 Rc1 60. f6 g4 61. Rc8+ Kf7 62. c7 g3 1-0

[Event "Netanya Open 2019"]
[Site "Netanya"]
[Date "2019.06.30"]
[Round "7.26"]
[White "Aizenberg, Benny"]
[Black "Sivan, Yaacov"]
[Result "1/2-1/2"]
[ECO "B38"]
[WhiteElo "2156"]
[BlackElo "2320"]
[Annotator "NA"]
[PlyCount "179"]
[EventDate "2019.06.23"]
[EventType "swiss"]
[EventCountry "ISR"]
[SourceTitle "playchess.com"]
[Source "ChessBase"]
[SourceQuality "1"]
[TimeControl "40/5400+30:1800+30"]

1. e4 c5 2. Nf3 Nc6 3. d4 cxd4 4. Nxd4 g6 5. Be3 Bg7 6. c4 d6 7. Nc3 Nf6 8. Be2 O-O 9. O-O a5 10. f3 Bd7 11. Qd2 a4 12. Ndb5 Qa5 13. Rfd1 Rfc8 14. Rab1 Nb4 15. b3 axb3 16. axb3 Bxb5 17. Nxb5 Nd7 18. Bd4 Bxd4+ 19. Nxd4 Qc5 20. Kh1 Ra2 21. Qh6 e5 22. Nf5 gxf5 23. Rxd6 Rxe2 24. Qg5+ Kh8 25. Rxd7 Qc6 26. Qxf5 Qg6 27. Qxe5+ Kg8 28. Qg3 Ra8 29. Rbd1 Qxg3 30. hxg3 Nc2 31. R7d2 Rxd2 32. Rxd2 Nb4 33. Rd7 Rb8 34. Kg1 Nc6 35. Kf2 Na5 36. Rd3 Kf8 37. Ke3 Ke7 38. Kd2 Nc6 39. Rd5 Ra8 40. Kc3 Ra2 41. Rb5 Nd8 42. Re5+ Ne6 43. Rb5 Nd8 44. Re5+ Ne6 45. Rb5 Rxg2 46. Rxb7+ Ke8 47. b4 Rxg3 48. c5 Rxf3+ 49. Kc4 Re3 50. Kd5 Rd3+ 51. Ke5 Nd8 52. Rb8 Kd7 53. b5 Kc7 54. Ra8 Kb7 55. Ra1 Rc3 56. Kd6 Ne6 57. Rf1 Ng5 58. e5 Rd3+ 59. Ke7 Rd5 60. Kf6 Ne4+ 61. Kxf7 Rxe5 62. c6+ Kb6 63. Rc1 Nd6+ 64. Kf6 Rxb5 65. Kg7 Rh5 66. c7 Ne8+ 67. Kf7 Nxc7 68. Rb1+ Kc6 69. Rc1+ Kd6 70. Rd1+ Ke5 71. Re1+ Kf5 72. Rf1+ Kg5 73. Rc1 Nd5 74. Rc5 Kg4 75. Kg7 Rg5+ 76. Kh6 Rh5+ 77. Kg7 Nf6 78. Rc4+ Kf5 79. Rc5+ Kg4 80. Rc4+ Kh3 81. Kxf6 Rd5 82. Rc3+ Kh4 83. Rc4+ Kh5 84. Rc1 Kg4 85. Rg1+ Kf3 86. Rh1 h5 87. Kg6 Kg4 88. Rg1+ Kf4 89. Rh1 Kg4 90. Rg1+ 1/2-1/2

[Event "Netanya Open 2019"]
[Site "Netanya"]
[Date "2019.06.30"]
[Round "7.27"]
[White "Gorodetzky, Matan"]
[Black "Kochavi, Ori"]
[Result "1-0"]
[ECO "B13"]
[WhiteElo "2303"]
[BlackElo "2152"]
[Annotator "NA"]
[PlyCount "65"]
[EventDate "2019.06.23"]
[EventType "swiss"]
[EventCountry "ISR"]
[SourceTitle "playchess.com"]
[Source "ChessBase"]
[SourceQuality "1"]
[TimeControl "40/5400+30:1800+30"]

1. e4 c6 2. d4 d5 3. exd5 cxd5 4. Bd3 Nc6 5. c3 Qc7 6. Na3 a6 7. Nc2 Nf6 8. h3 g6 9. Ne2 Bf5 10. Bxf5 gxf5 11. Bf4 Qd7 12. Nc1 e6 13. Nd3 Bd6 14. Qf3 h5 15. Rc1 Ne4 16. Ncb4 Rg8 17. O-O Bxf4 18. Qxf4 Qd6 19. Nxc6 Qxf4 20. Nxf4 bxc6 21. f3 Ng3 22. Rf2 h4 23. Rfc2 c5 24. dxc5 O-O-O 25. Rd1 Rd7 26. b4 Rgd8 27. Rcd2 a5 28. b5 d4 29. c6 Rd6 30. Rxd4 Rxd4 31. Rxd4 e5 32. Rxd8+ Kxd8 33. Nd5 1-0

[Event "Netanya Open 2019"]
[Site "Netanya"]
[Date "2019.06.30"]
[Round "7.28"]
[White "Friedland, Moshe"]
[Black "Slobodiansky, Steven"]
[Result "1/2-1/2"]
[ECO "C11"]
[WhiteElo "2298"]
[BlackElo "2106"]
[Annotator "NA"]
[PlyCount "57"]
[EventDate "2019.06.23"]
[EventType "swiss"]
[EventCountry "ISR"]
[SourceTitle "playchess.com"]
[Source "ChessBase"]
[SourceQuality "1"]
[TimeControl "40/5400+30:1800+30"]

1. e4 e6 2. d4 d5 3. Nc3 Nf6 4. e5 Nfd7 5. f4 c5 6. Nf3 Nc6 7. Be3 cxd4 8. Nxd4 Bc5 9. Qd2 O-O 10. O-O-O a6 11. Nb3 Bb4 12. Bd3 b5 13. Kb1 Bb7 14. Qe1 Rc8 15. Bd2 Be7 16. Ne2 b4 17. Ned4 a5 18. Nxc6 Bxc6 19. f5 Bg5 20. f6 Bxd2 21. Rxd2 gxf6 22. Bxh7+ Kh8 23. Qh4 fxe5 24. Qh6 Nf6 25. Be4+ Kg8 26. Qg5+ Kh8 27. Rd3 Nh7 28. Qh6 f5 29. Rg3 1/2-1/2

[Event "Netanya Open 2019"]
[Site "Netanya"]
[Date "2019.06.30"]
[Round "7.29"]
[White "Guz, Ari"]
[Black "Poleg, Dan"]
[Result "1/2-1/2"]
[WhiteElo "2135"]
[BlackElo "2268"]
[PlyCount "32"]
[EventDate "2019.06.23"]
[EventType "swiss"]
[EventRounds "9"]
[EventCountry "ISR"]
[TimeControl "40/5400+30:1800+30"]

1. c4 e6 2. g3 d5 3. Bg2 dxc4 4. Qa4+ Nd7 5. Qxc4 a6 6. Qc2 Ngf6 7. Nf3 c5 8. Nc3 Qc7 9. O-O Bd6 10. d4 O-O 11. dxc5 Nxc5 12. Bg5 Nce4 13. Rac1 Nxg5 14. Nxg5 h6 15. Nge4 Nxe4 16. Nxe4 Qxc2 1/2-1/2

[Event "Netanya Open 2019"]
[Site "Netanya"]
[Date "2019.06.30"]
[Round "7.30"]
[White "Tifferet, Shaked"]
[Black "Hasidovsky, Michael"]
[Result "1-0"]
[WhiteElo "2236"]
[BlackElo "2135"]
[PlyCount "59"]
[EventDate "2019.06.23"]
[EventType "swiss"]
[EventRounds "9"]
[EventCountry "ISR"]
[TimeControl "40/5400+30:1800+30"]

1. d4 Nf6 2. c4 e6 3. g3 d5 4. Bg2 Be7 5. Nf3 Nbd7 6. O-O O-O 7. Qc2 c6 8. Nbd2 Bd6 9. e4 Nxe4 10. Nxe4 dxe4 11. Qxe4 Nf6 12. Qe2 Re8 13. Bd2 Nd7 14. Bc3 Qc7 15. h4 b6 16. h5 h6 17. Nd2 Bb7 18. Ne4 Bf8 19. b4 e5 20. dxe5 Nxe5 21. c5 f5 22. Nd6 Bxd6 23. cxd6 Qxd6 24. Rad1 Qc7 25. Rfe1 Nd7 26. Qc4+ Kf8 27. Re6 c5 28. Bxg7+ Kxg7 29. Rg6+ Kh8 30. Qf7 1-0

[Event "Netanya Open 2019"]
[Site "Netanya"]
[Date "2019.06.30"]
[Round "7.31"]
[White "Zalkind, Konstantin"]
[Black "Cohen Revivo, Shoham"]
[Result "0-1"]
[ECO "A11"]
[WhiteElo "2116"]
[BlackElo "2225"]
[PlyCount "92"]
[EventDate "2019.06.23"]
[EventType "swiss"]
[EventRounds "9"]
[EventCountry "ISR"]
[TimeControl "40/5400+30:1800+30"]

1. Nf3 Nf6 2. c4 c6 3. Nc3 d5 4. e3 e6 5. Qc2 Nbd7 6. b3 Bd6 7. Bb2 O-O 8. Be2 Qe7 9. d4 Re8 10. O-O-O dxc4 11. Bxc4 b5 12. Bd3 a6 13. e4 e5 14. Rhe1 exd4 15. Nxd4 Ne5 16. Kb1 c5 17. Nf5 Bxf5 18. exf5 Qc7 19. Bxb5 Reb8 20. Ba4 c4 21. Nd5 Nxd5 22. Rxd5 Nd3 23. Rxd3 cxd3 24. Qxd3 Qa5 25. Qe4 Bb4 26. Re3 Rd8 27. Qg4 Bf8 28. Bxg7 Bxg7 29. f6 Rd1+ 30. Qxd1 Qf5+ 31. Qd3 Qxf6 32. Kc2 Rc8+ 33. Kd1 Qxf2 34. Re8+ Rxe8 35. Bxe8 Qg1+ 36. Ke2 Qxg2+ 37. Ke1 Qh1+ 38. Qf1 Bc3+ 39. Kf2 Bd4+ 40. Ke1 Qe4+ 41. Qe2 Qb1+ 42. Kd2 Qxa2+ 43. Kd3 Qa1 44. Ba4 Qc3+ 45. Ke4 a5 46. Qd3 f5+ 0-1

[Event "Netanya Open 2019"]
[Site "Netanya"]
[Date "2019.06.30"]
[Round "7.32"]
[White "Tsirilman, Guy"]
[Black "Mindlin, Alon"]
[Result "1/2-1/2"]
[WhiteElo "1798"]
[BlackElo "2454"]
[PlyCount "85"]
[EventDate "2019.06.23"]
[EventType "swiss"]
[EventRounds "9"]
[EventCountry "ISR"]
[TimeControl "40/5400+30:1800+30"]

1. d4 Nf6 2. c4 e6 3. Nc3 Bb4 4. e3 b6 5. Nge2 Bb7 6. a3 Bxc3+ 7. Nxc3 O-O 8. f3 c5 9. Bd3 d5 10. cxd5 exd5 11. O-O Nbd7 12. Qe1 Qc8 13. Qh4 Re8 14. Bd2 Ba6 15. Bxa6 Qxa6 16. Rfd1 Rac8 17. Rac1 Qd3 18. Qf2 a6 19. Qf1 Qxf1+ 20. Kxf1 h6 21. g4 b5 22. h4 Nb6 23. b3 Nfd7 24. Kf2 f6 25. Be1 Kf7 26. h5 c4 27. b4 Na4 28. Nxd5 Nb2 29. Bc3 Nxd1+ 30. Rxd1 Nf8 31. e4 Ne6 32. Kg3 Rcd8 33. Nf4 Ng5 34. Re1 Rd7 35. d5 Rde7 36. Kg2 Rd7 37. Kg3 Ke7 38. Kf2 Kd8 39. Kg2 Kc8 40. Kf2 Rd6 41. Kg2 Nf7 42. Ng6 Ng5 43. Nf4 1/2-1/2

[Event "Netanya Open 2019"]
[Site "Netanya"]
[Date "2019.06.30"]
[Round "7.33"]
[White "Tzidkiya, Yeshaayahu"]
[Black "Gorshtein, Asaf"]
[Result "1-0"]
[WhiteElo "2247"]
[BlackElo "2109"]
[PlyCount "105"]
[EventDate "2019.06.23"]
[EventType "swiss"]
[EventRounds "9"]
[EventCountry "ISR"]
[TimeControl "40/5400+30:1800+30"]

1. e4 c6 2. d4 d5 3. Nc3 dxe4 4. Nxe4 Nf6 5. Nxf6+ exf6 6. c3 Bd6 7. Bd3 O-O 8. Ne2 Re8 9. O-O g6 10. Bf4 f5 11. Qd2 Be6 12. Rfe1 Bxf4 13. Nxf4 Nd7 14. Nxe6 Rxe6 15. Bc4 Rxe1+ 16. Rxe1 Nf6 17. Qe3 Ne4 18. Qf4 Qd7 19. h4 Re8 20. Bb3 Nf6 21. Rxe8+ Qxe8 22. Qe5 Qxe5 23. dxe5 Ne4 24. Bc2 Kf8 25. f4 Nc5 26. Kf2 Ke7 27. h5 Nd7 28. Ke3 c5 29. Bd1 f6 30. hxg6 hxg6 31. exf6+ Nxf6 32. Bf3 b6 33. Kd3 Kd6 34. Kc4 a6 35. Kd3 Nd5 36. g3 Nf6 37. Bb7 Nh5 38. Bxa6 Nxg3 39. Bc4 Ke7 40. b4 cxb4 41. cxb4 Ne4 42. Bd5 Nf6 43. Kd4 Nh7 44. Ke5 g5 45. a4 gxf4 46. a5 bxa5 47. bxa5 Nf8 48. a6 Nd7+ 49. Kd4 Kd6 50. a7 Nb6 51. Bf3 Ke6 52. Kc5 Nd7+ 53. Kb5 1-0